 Dungeon Crawl Stone Soup version 0.29.1-15-g9cfb28693d (webtiles) character file.

Game seed: 12363218157053954470

802 Mickster the Slasher (level 7, 0/58 HPs)
             Began as a Demigod Fighter on Feb 22, 2023.
             Slain by a kobold
             ... wielding a +0 whip
              (2 damage)
             ... on level 6 of the Dungeon.
             The game lasted 00:40:21 (4224 turns).

Mickster the Slasher (Demigod Fighter)              Turns: 4224, Time: 00:40:21

Health: 0/58       AC:  6    Str: 28    XL:     7   Next: 33%
Magic:  9/9        EV:  7    Int: 13    God:
Gold:   186        SH: 12    Dex: 13    Spells: 6/6 levels left

rFire   . . .      SeeInvis .   j - +6 falchion of Ethereal Duty {venom, rN+}
rCold   . . .      Faith    .   s - +0 tower shield
rNeg    + . .      Spirit   .   n - +1 ring mail "Ahuify" {Str+3 Int+3}
rPois   .          Reflect  .   (no helmet)
rElec   .          Harm     .   (no cloak)
rCorr   .          Rampage  .   (no gloves)
Will    .....                   (no boots)
Stlth   +.........              (no amulet)
HPRegen 0.19/turn               i - ring of wizardry
MPRegen 0.11/turn               (no ring)

@: mighty
A: high MP 1, forlorn, divine attributes
a: no special abilities


You were on level 6 of the Dungeon.
You visited 1 branch of the dungeon, and saw 6 of its levels.

You collected 217 gold pieces.
You spent 31 gold pieces at shops.

Inventory:

Hand Weapons
 a - a +1 war axe
 j - the +6 falchion of Ethereal Duty (weapon) {venom, rN+}
   (You found it on level 2 of the Dungeon)

   It poisons the flesh of those it strikes.
   rN:        It protects you from negative energy.
 l - a +2 dagger of holy wrath
Missiles
 f - 34 stones
 h - 10 poisoned darts
 o - 6 boomerangs
 q - 4 atropa-tipped darts (quivered)
Armour
 b - a +1 scale mail
 c - a +0 buckler
 g - a +2 ring mail of cold resistance
 n - the +1 ring mail "Ahuify" (worn) {Str+3 Int+3}
   (You found it on level 4 of the Dungeon)

   Str:       It affects your strength (+3).
   Int:       It affects your intelligence (+3).
 s - a +0 tower shield (worn)
Jewellery
 i - a ring of wizardry (left hand)
Wands
 p - a wand of digging (5)
Scrolls
 k - a scroll of fog
 m - a scroll of enchant armour
 r - a scroll of summoning
Potions
 d - a potion of might
 e - a potion of curing


   Skills:
 + Level 3.6 Fighting
 * Level 5.5 Long Blades
 - Level 2.3 Axes
 + Level 4.2 Armour
 + Level 1.0 Dodging
 + Level 0.4 Stealth
 + Level 3.6 Shields


You had 6 spell levels left.
You didn't know any spells.
Your spell library contained the following spells:

 Spells                   Type           Power      Damage    Failure   Level
 Conjure Flame            Conj/Fire      0%         6-21      99%         3
 Ignite Poison            Fire/Tmut/Pois 0%         N/A       99%         3
 Sticky Flame             Conj/Fire      0%         2d3       100%        4


Dungeon Overview and Level Annotations

Branches:
Dungeon (6/15)
 Temple: D:4-7

Shops:
D:3 (


Innate Abilities, Weirdness & Mutations

You have an increased reservoir of magic. (+10% MP)
You shall have no god before yourself.
Your divine heritage dramatically boosts your attributes as you level up.


Message History

* * * LOW HITPOINT WARNING * * *
You slash the orc!
You kill the orc!
The kobold brigand hits you but does no damage.
You closely miss the kobold brigand.
You feel yourself speed up.
The kobold brigand hits you with a +0 club.
* * * LOW HITPOINT WARNING * * *
You barely miss the kobold.
The kobold brigand hits you but does no damage.
You closely miss the kobold. You block the kobold's attack.
The kobold brigand barely misses you. The kobold hits you with a +0 whip.
* * * LOW HITPOINT WARNING * * *
You block the kobold's attack. The kobold barely misses you.
The kobold brigand hits you but does no damage.
You slice the kobold!!
You kill the kobold!
You block the kobold's attack.
The kobold brigand completely misses you.
You barely miss the kobold.
The kobold hits you but does no damage. x2
You block the kobold brigand's attack.
The kobold brigand hits you with a +0 club.
* * * LOW HITPOINT WARNING * * *
You block the kobold's attack. The kobold hits you with a +0 whip.
* * * LOW HITPOINT WARNING * * *
You slash the kobold!
You kill the kobold!
You block the kobold's attack.
The kobold brigand hits you with a +0 club.
* * * LOW HITPOINT WARNING * * *
You completely miss the kobold. The kobold hits you with a +0 whip.
* * * LOW HITPOINT WARNING * * *
The kobold hits you but does no damage. You block the kobold brigand's attack.
The kobold barely misses you.
The kobold brigand hits you but does no damage.
The kobold hits you but does no damage.
You slice the kobold!!
You kill the kobold!
The kobold hits you with a +0 whip.
You die...

###.##.........# ....
.....#.........# ....
...#...........# #
....>....#..........# .#
#..K###<...........###.#
##..>..####.........#...#
.........##...........###
.......!K##K............#
........K.K@.........##.#
........###K.......<###.#
........# #..#####..# #..
........# ##.# ...## ###.
......... #:......# .#
......... ........# #
......##. ........#
##.##. .. ........
.........


You could see a kobold brigand and 4 kobolds.

Vanquished Creatures
  Grinder (D:5)
  Duvessa (D:4)
  2 scorpions
  Dowan (D:4)
  A howler monkey (D:5)
  2 orc priests
  2 iguanas
  2 orc wizards
  7 adders
  2 worms
  11 orcs
  3 endoplasms
  4 giant cockroaches (D:2)
  6 goblins
  6 hobgoblins
  2 jackals (D:2)
  3 quokkas (D:4)
  4 ball pythons
  6 bats
  4 frilled lizards
  10 kobolds
  9 rats
89 creatures vanquished.

Vanquished Creatures (others)
  17 plants (D:6)
17 creatures vanquished.

Grand Total: 106 creatures vanquished

Notes
Turn   | Place    | Note
-------+----------+-------------------------------------------
     0 | D:1      | Mickster the Demigod Fighter began the quest for the Orb.
     0 | D:1      | Reached XP level 1. HP: 18/18 MP: 3/3
   226 | D:1      | You fall into a shaft and drop 1 floor!
   283 | D:2      | Reached XP level 2. HP: 13/25 MP: 4/4
   381 | D:2      | HP: 1/25 [poisoned by an adder]
   817 | D:2      | Identified the +6 falchion of Ethereal Duty {venom, rN+}
   874 | D:2      | Reached XP level 3. HP: 30/30 MP: 5/5
  1362 | D:2      | You fall into a shaft and drop 2 floors!
  1367 | D:4      | Reached skill level 1 in Long Blades
  1367 | D:4      | Reached XP level 4. HP: 23/38 MP: 6/6
  1663 | D:4      | Reached skill level 2 in Long Blades
  1663 | D:4      | Reached XP level 5. HP: 45/45 MP: 7/7
  1795 | D:4      | Noticed Duvessa
  1803 | D:4      | Noticed Dowan
  1808 | D:4      | Killed Duvessa
  1809 | D:4      | Reached skill level 3 in Long Blades
  1813 | D:4      | Killed Dowan
  1814 | D:4      | Reached XP level 6. HP: 25/51 MP: 8/8
  2259 | D:4      | Identified the +1 ring mail "Ahuify" {Str+3 Int+3}
  2498 | D:3      | Reached skill level 4 in Long Blades
  2637 | D:3      | Found Ykhlaukah's Weapon Emporium.
  2650 | D:3      | Bought 4 atropa-tipped darts for 31 gold pieces
  3509 | D:5      | Entered Level 5 of the Dungeon
  3509 | D:5      | Noticed Grinder
  3522 | D:5      | Killed Grinder
  3523 | D:5      | Reached skill level 5 in Long Blades
  3523 | D:5      | Reached skill level 1 in Dodging
  3523 | D:5      | Reached XP level 7. HP: 35/57 MP: 9/9
  4223 | D:6      | HP: 2/58 [kobold/+0 whip (1)]
  4224 | D:6      | Slain by a kobold

Illustrated notes

Levels and vault maps discovered:
D:1:      dpeg_arrival_shelter, layout_loops_ring,
          chequers_ecumenical_altar_island
D:2:      layout_loops_ring, basic_altar, minmay_fractal_squares_5,
          uniq_crazy_yiuf_cottage
D:3:      layout_basic, grunt_temple_overflow_open, jmf_multi_god_temple,
          serial_shops, shop
D:4:      layout_loops_cross, gup_sewer_entry_spiral, minivault_23, uniq_duvessa
D:5:      layout_basic, mainiacjoe_overflow_swirl, minmay_temple_entry_mist,
          minivault_5, uniq_grinder
D:6:      layout_rooms, serial_shops, nicolae_stop_n_shop_1, serial_bayou,
          serial_bayou_lagoon_a, serial_bayou_lagoon_b, serial_bayou_shore_b,
          serial_bayou_pond_c, hangedman_decor_clover_reticule, grunt_decor_cap,
          uniq_sigmund

Skill      XL: |  1  2  3  4  5  6 |
---------------+-------------------+-----
Axes           | 2 |  2.3
Shields        | 3 |  3.6
Armour         | 3 4 |  4.2
Fighting       | 3 |  3.6
Long Blades    | 1 2 3 5 |  5.5
Dodging        | 1 |  1.0
Stealth        | |  0.4

Action                   |  1- 3 |  4- 6 |  7- 9 || total
-------------------------+-------+-------+-------++-------
Melee: War axe           |    52 |       |       ||    52
       Falchion          |    27 |   113 |    35 ||   175
  Use: Scroll            |     5 |     4 |       ||     9
       Potion            |     1 |     5 |     2 ||     8
Armor: Scale mail        |    30 |       |       ||    30
       Ring mail         |     9 |    40 |    16 ||    65
Dodge: Dodged            |    47 |    46 |     7 ||   100
Block: Buckler           |    25 |    21 |     3 ||    49
       Tower shield      |       |       |    14 ||    14
